 Dungeon Crawl Stone Soup version 0.28-a0-1435-g82390b3a13 (webtiles) character file.

Game seed: 5311483844025707965

256 backslashecho the Chopper (level 5, -6/48 HPs)
             Began as a Minotaur Cinder Acolyte on Jan 10, 2022.
             Was a High Priest of Ignis.
             Mangled by a hornet zombie (13 damage)
             ... on level 5 of the Dungeon.
             The game lasted 00:04:10 (2758 turns).

backslashecho the Chopper (Minotaur Cinder Acolyte) Turns: 2758, Time: 00:04:11

Health: -6/48      AC:  3    Str: 20    XL:     5   Next: 92%
Magic:  5/5        EV: 11    Int: 11    God:    Ignis [*****.]
Gold:   138        SH:  0    Dex:  6    Spells: 6/6 levels left

rFire   + . .      SeeInvis .   a - -1 hand axe (flame)
rCold   . . .      Faith    .   (no shield)
rNeg    . . .      Spirit   .   b - +1 robe
rPois   .          Reflect  .   (helmet restricted)
rElec   .          Harm     .   (no cloak)
rCorr   .          Rampage  .   (no gloves)
Will    .....                   (no boots)
Stlth   +.........              (no amulet)
HPRegen 0.16/turn               (no ring)
MPRegen 0.09/turn               (no ring)

@: no status effects
A: horns 2, retaliatory headbutt
a: Renounce Religion, Fiery Armour, Foxfire Swarm, Rising Flame


You were on level 5 of the Dungeon.
You worshipped Ignis.
Ignis was extremely pleased with you.
You visited 1 branch of the dungeon, and saw 5 of its levels.

You collected 138 gold pieces.

Inventory:

Hand Weapons
 a - a -1 hand axe of flaming (weapon)
Missiles
 i - 4 boomerangs of dispersal (quivered)
Armour
 b - a +1 robe (worn)
Scrolls
 e - a scroll of identify
 k - a scroll of noise
 l - a scroll of teleportation
Potions
 c - a potion of lignification {unknown}
 d - a potion of curing
 f - a potion of brilliance {unknown}
 g - a potion of degeneration {unknown}
 h - a potion of haste {unknown}
 j - a potion of invisibility {unknown}


   Skills:
 + Level 5.4 Fighting
 * Level 6.9 Axes
 - Level 1.0 Spellcasting
 - Level 2.1 Fire Magic


You had 6 spell levels left.
You didn't know any spells.
Your spell library contained the following spells:

 Spells                   Type           Power      Damage    Failure   Level
 Scorch                   Fire           10%        2d5       21%         2


Dungeon Overview and Level Annotations

Branches:
Dungeon (6/15)
 Temple: D:4-7

Altars:
Dithmenos
Makhleb


Innate Abilities, Weirdness & Mutations

You have a pair of horns on your head.
You reflexively headbutt those who attack you in melee.


Message History

The gnoll barely misses you.
You hit the gnoll. You burn the gnoll.
You kill the gnoll!
Things that are here:
a +0 halberd; a gnoll corpse; a jackal corpse
Items here: ( ) †††.
The hornet zombie hits you!
* * * LOW HITPOINT WARNING * * *
You take 6 damage, and have 13/48 hp.
You hit the hornet zombie but do no damage.
The hornet zombie hits you but does no damage.
You hit the hornet zombie. You burn the hornet zombie.
The hornet zombie is lightly damaged.
You hear the slow rusting of a very distant drain.
The hornet zombie hits you!
* * * LOW HITPOINT WARNING * * *
The hornet zombie barely misses you.
You take 7 damage, and have 6/48 hp.
You hit the hornet zombie. You burn the hornet zombie.
The hornet zombie is lightly damaged.
The hornet zombie hits you but does no damage.
You hit the hornet zombie. You burn the hornet zombie.
The hornet zombie is moderately damaged.
The hornet zombie closely misses you.
You barely miss the hornet zombie.
The hornet zombie is moderately damaged.
The hornet zombie closely misses you. You furiously retaliate!
You headbutt the hornet zombie, but do no damage.
Press: ? - help, v - describe, . - travel
Here: a hornet zombie (moderately damaged)
The floor.
Unknown command.
You barely miss the hornet zombie. You headbutt the hornet zombie!
The hornet zombie is heavily damaged.
The hornet zombie barely misses you. You furiously retaliate!
You headbutt the hornet zombie, but do no damage.
You slash the hornet zombie! You burn the hornet zombie.
The hornet zombie is severely damaged.
The hornet zombie hits you!
You die...

#Z.._.#.....#.#
#....##.......#
#..##.....##.##
#............#
..###..........#
........Z....#.#
######.##.##.#.###
))..g.....#....Z.#
.#####.##....#.#@#
.# #.##.#..#.#.#
.# #....#..#.#.#
.# ######)##.#.#
.# #)##.#.# .#
#.##)#.# .#
######.#....#
#......#..###
#.######..#


You could see a hornet zombie.

Vanquished Creatures
  A scorpion (D:5)
  A gnoll shaman (D:5)
  5 adders
  5 gnolls (D:5)
  A shadow imp (D:5)
  2 worms (D:3)
  2 dart slugs (D:2)
  An orc (D:3)
  8 ball pythons
  6 endoplasms
  3 goblins
  5 hobgoblins
  10 jackals
  4 bats (D:2)
  3 frilled lizards (D:2)
  3 kobolds
  6 rats
66 creatures vanquished.

Notes
Turn   | Place    | Note
-------+----------+-------------------------------------------
     0 | D:1      | backslashecho the Minotaur Cinder Acolyte began the quest
                  | for the Orb.
     0 | D:1      | Reached XP level 1. HP: 19/19 MP: 1/1
   262 | D:1      | Reached skill level 4 in Axes
   377 | D:1      | Reached XP level 2. HP: 27/27 MP: 2/2
  1330 | D:2      | Reached XP level 3. HP: 31/33 MP: 3/3
  1452 | D:2      | Identified the +6 dagger of Truth {freeze, rN+ Will+ Int+2}
  1492 | D:2      | Found a faded altar of an unknown god.
  1534 | D:2      | Reached skill level 5 in Axes
  2019 | D:2      | Reached XP level 4. HP: 41/41 MP: 4/4
  2342 | D:3      | Found a burning altar of Makhleb.
  2649 | D:3      | You fall into a shaft and drop 3 floors!
  2649 | D:6      | Noticed an orc warrior
  2652 | D:5      | Entered Level 5 of the Dungeon
  2684 | D:5      | Found a shadowy altar of Dithmenos.
  2701 | D:5      | Reached skill level 6 in Axes
  2709 | D:5      | Reached skill level 5 in Fighting
  2709 | D:5      | Reached XP level 5. HP: 39/48 MP: 5/5
  2758 | D:5      | Mangled by a hornet zombie

Illustrated notes

Levels and vault maps discovered:
D:1:      minmay_arrival_four_loops, layout_basic, hangedman_feature_mirror,
          st_stairs_14, kennysheep_another_room
D:2:      layout_loops_cross, nicolae_ecumenical_snake_handling,
          kennysheep_flooded_box, chequers_jeans, minmay_tromino_v4_c
D:3:      layout_basic, amcnicky_altar_gilded, minmay_misc_feat_encased
D:5:      layout_basic, nicolae_dithmenos_through_a_glass_darkly,
          mainiacjoe_overflow_two_lobes, portal_sewer_entry_d,
          hangedman_abyss_or_decor_passed, uniq_ijyb, uniq_duvessa,
          uniq_crazy_yiuf_cottage
D:6:      layout_cave_pods, serial_shops, shop_statue, uniq_prince_ribbit1

Skill      XL: |  1  2  3  4 |
---------------+-------------+-----
Axes           | 4 5 6 |  6.9
Fighting       | 4 5 |  5.4
Spellcasting   | |  1.0
Fire Magic     | |  2.1

Action                   |  1- 3 |  4- 6 || total
-------------------------+-------+-------++-------
Melee: Hand axe          |    76 |    60 ||   136
       Headbutt          |     9 |    15 ||    24
  Use: Scroll            |     4 |     1 ||     5
       Potion            |       |     1 ||     1
Armor: Robe              |    15 |     7 ||    22
Dodge: Dodged            |    51 |    38 ||    89

Table legend: (Time is in decaauts)
 A = Elapsed time spent in this place.
 B = Non-inter-level travel time spent in this place.
 C = Inter-level travel time spent in this place.
 D = Time resting spent in this place.
 E = Time spent auto-exploring this place.
 F = Levels seen in this place.
 G = Mean time per level.
                   A        B        C        D        E       F      G
               +--------+--------+--------+--------+--------+-----+--------+
         Total |   2763 |   2620 |    143 |    360 |   1771 |   5 |  552.6 |
       Dungeon |   2763 |   2620 |    143 |    360 |   1771 |   5 |  552.6 |
               +--------+--------+--------+--------+--------+-----+--------+

Top non-repeatable levels by time:
     D:1: 1320 daAuts
     D:2: 921 daAuts
     D:3: 414 daAuts
     D:5: 104 daAuts
     D:6: 2 daAuts
